 Dungeon Crawl Stone Soup version 0.31.0-32-g396128a36d (webtiles) character file.

Game seed: 10392563485996841697

406 mainiacjoe the Caller (level 6, -1/36 HPs)
             Began as an Octopode Summoner on Mar 28, 2024.
             Was an Initiate of Kikubaaqudgha.
             Slain by Grinder (5 damage)
             ... on level 4 of the Dungeon on Mar 29, 2024.
             The game lasted 00:12:13 (3460 turns).

mainiacjoe the Caller (Octopode Summoner)           Turns: 3460, Time: 00:12:14

Health: -1/36      AC:  6    Str:  7    XL:     6   Next: 87%
Magic:  9/9        EV: 12    Int: 20    God:    Kikubaaqudgha [......]
Gold:   178        SH:  5    Dex: 12    Spells: 6/9 levels left

rFire   . . .        a - +0 spear
rCold   . . .        j - +0 buckler
rNeg    . . .        i - +1 hat
rPois   .            v - amulet of regeneration
rElec   .            m - +4 ring of protection
rCorr   .            (no ring)
SInv    .            (no ring)
Will    .....        (no ring)
Stlth   +++          (no ring)
HPRegen 1.06/turn    (no ring)
MPRegen 0.11/turn    (no ring)
                     (no ring)

%: no passive effects
@: no status effects
A: almost no armour, amphibious, 8 rings, camouflage 1, gelatinous body 1,
(nimble swimmer 1), tentacles
a: Renounce Religion


You were on level 4 of the Dungeon.
You worshipped Kikubaaqudgha.
Kikubaaqudgha was noncommittal.
You visited 2 branches of the dungeon, and saw 5 of its levels.

You collected 178 gold pieces.

Inventory:

Hand Weapons
 a - a +0 spear (weapon)
 b - a +0 sling
 c - a +0 dagger
 d - a +0 short sword
 p - a +0 rapier
Missiles
 h - 9 stones
Armour
 i - a +1 hat (worn)
 j - a +0 buckler (worn)
Magical Staves
 e - a staff of death
Jewellery
 m - a +4 ring of protection (left tentacle)
 u - a ring of positive energy
 v - an amulet of regeneration (around mantle)
Wands
 n - a wand of digging (2)
 o - a wand of roots (10)
 r - a wand of light (7)
Potions
 f - 2 potions of heal wounds
 g - a potion of magic
 k - 2 potions of mutation
 l - a potion of might {unknown}
 q - 2 potions of curing
 t - a potion of brilliance {unknown}


   Skills:
 - Level 2.0 Dodging
 - Level 2.6 Stealth
 + Level 4.1 Shields
 - Level 2.0 Spellcasting
 + Level 6.6 Summonings


You had 6 spell levels left.
You knew the following spells:

 Your Spells              Type           Power      Damage    Failure   Level
c - Call Canine Familiar  Summ           28%        N/A       4%          3

Your spell library contained the following spells:

 Spells                   Type           Power      Damage    Failure   Level
 Summon Small Mammal      Summ           100%       N/A       1%          1
 Call Imp                 Summ           56%        N/A       2%          2
 Summon Ice Beast         Ice/Summ       15%        N/A       19%         3
 Freeze                   Ice            8%         1d3       24%         1
 Summon Blazeheart Golem  Fire/Summ      15%        N/A       52%         4
 Summon Lightning Spire   Summ/Air       15%        N/A       52%         4
 Frozen Ramparts          Ice            4%         1d1       58%         3
 Hailstorm                Conj/Ice       2%         3d5       58%         3
 Sculpt Simulacrum        Ice/Alch       1%         N/A       100%        6


Dungeon Overview and Level Annotations

Branches:
Dungeon (4/15)             Temple (1/1) D:4

Altars:
Ashenzari
Cheibriados
Dithmenos
Gozag
Hepliaklqana
Kikubaaqudgha
Nemelex Xobeh
Okawaru
Qazlal
Ru
Vehumet
Wu Jian
Xom
Yredelemnul
Zin
The Shining One

Shops:
D:4 =

Annotations:
D:4 Edmund, Grinder


Innate Abilities, Weirdness & Mutations

You cannot wear most types of armour.
You are amphibious.
You can wear up to eight rings at the same time.
Your skin changes colour to match your surroundings (Stealth+).
Your rubbery body absorbs attacks. (AC +1, EV +1)
((You are camouflaged when in or above water. (Stealth+)))
You have tentacles for arms and can constrict up to eight enemies at once.


Message History

The jelly closely misses you.
You completely miss Grinder.
Grinder is almost dead.
You constrict Grinder, but do no damage.
Grinder gestures at you.
You suddenly lose the ability to move!
You lose your grip on Grinder.
The jelly barely misses you. Grinder hits you.
You writhe in agony.
The jelly hits you but does no damage. Grinder hits you.
You writhe in agony.
The jelly hits you.
You are splashed with acid!
You can move again.
You closely miss Grinder. Your grab misses Grinder.
Grinder is almost dead.
You block Grinder's attack. You block the jelly's attack.
You closely miss Grinder. Your grab misses Grinder. You squeeze Grinder.
Grinder is almost dead.
Grinder gestures at you. You resist with significant effort.
The jelly barely misses you.
You closely miss Grinder. You grab Grinder.
Grinder is almost dead.
You constrict Grinder. Grinder gestures at you.
You suddenly lose the ability to move!
You lose your grip on Grinder.
The jelly hits you but does no damage. Grinder hits you but does no damage.
The jelly hits you.
You are splashed with acid!
You can move again.
You hit Grinder but do no damage. You grab Grinder.
Grinder is almost dead.
You constrict Grinder, but do no damage.
Grinder hits you. The jelly closely misses you.
You hit Grinder but do no damage.
Grinder is almost dead.
You constrict Grinder, but do no damage.
Grinder hits you!
* * * LOW HITPOINT WARNING * * *
You writhe in agony.
You die...
Grinder says, "Now the real fun starts!"
Kikubaaqudgha rasps: "You have failed me!
Welcome... death!"

#.# #.# #.#
##########.###
#.............
#.#######.....
#..#.####..##.
#######.#.......##.
#.@5..#.#.########.
#.#J#.#.#.# ##
...#.#...#.#
#####.#####.# #.#
.#.# #.# .#.# ...
.#.# ######.#.#
#......#.#


You could see Grinder and a jelly.

Vanquished Creatures
  A scorpion (D:4)
  A bombardier beetle (D:4)
  A hound (D:4)
  Ijyb (D:4)
  An iguana (D:4)
  A gnoll (D:3)
  2 adders (D:4)
  A dart slug (D:4)
  An orc (D:4)
  5 goblins
  3 hobgoblins
  A quokka (D:4)
  A ball python (D:4)
  5 bats
  A frilled lizard (D:3)
  4 kobolds
  11 rats
41 creatures vanquished.

Vanquished Creatures (collateral kills)
  A bombardier beetle (D:3)
  A jelly (D:4)
  6 gnolls (D:3)
  3 adders
  A dart slug (D:2)
  2 ribbon worms
  3 endoplasms (D:1)
  3 hobgoblins
  2 quokkas (D:4)
  4 frilled lizards
  4 kobolds
  A rat (D:2)
31 creatures vanquished.

Grand Total: 72 creatures vanquished

Notes
Turn   | Place    | Note
-------+----------+-------------------------------------------
     0 | D:1      | mainiacjoe the Octopode Summoner began the quest for the
                  | Orb.
     0 | D:1      | Reached XP level 1. HP: 11/11 MP: 3/3
   349 | D:1      | Reached XP level 2. HP: 17/17 MP: 1/5
  1233 | D:2      | Reached XP level 3. HP: 19/21 MP: 3/6
  1248 | D:2      | Reached skill level 5 in Summonings
  1253 | D:2      | Learned a level 3 spell: Call Canine Familiar
  1440 | D:2      | Identified a scroll of acquirement
  1440 | D:2      | Acquired a +1 hat
  1775 | D:3      | Reached skill level 1 in Shields
  1775 | D:3      | Reached XP level 4. HP: 27/27 MP: 5/7
  2230 | D:3      | Reached XP level 5. HP: 31/31 MP: 3/8
  2684 | D:4      | Found Ruadax's Jewellery Shoppe.
  2698 | D:4      | Found a staircase to the Ecumenical Temple.
  2710 | Temple   | Entered the Ecumenical Temple
  2716 | Temple   | Became a worshipper of Kikubaaqudgha
  2782 | D:4      | Noticed Edmund
  2857 | D:4      | Reached skill level 6 in Summonings
  2900 | D:4      | Noticed Ijyb
  2915 | D:4      | Killed Ijyb
  2922 | D:4      | Reached XP level 6. HP: 21/36 MP: 2/9
  3440 | D:4      | Noticed Grinder
  3452 | D:4      | Paralysed by Grinder for 3 turns
  3457 | D:4      | Paralysed by Grinder for 2 turns
  3460 | D:4      | Slain by Grinder

Illustrated notes

Levels and vault maps discovered:
D:1:      spicycebolla_arrival_clurvy, layout_loops_corners
D:2:      layout_rooms, chequers_arboretum, minmay_pentomino_p4
D:3:      layout_loops_ring
D:4:      layout_loops_ring, minmay_temple_entry_trees, serial_shops, shop,
          chequers_serial_rivers_micro_b, kennysheep_pointless_box,
          minmay_misc_feat_ornament, minmay_starry_boxes, uniq_edmund,
          uniq_grinder, uniq_ijyb
Temple:   compressed_dpeg_triangle_lava_temple

Skill      XL: |  1  2  3  4  5  6 |
---------------+-------------------+-----
Summonings     | 5 6 |  6.6
Shields        | 1 2 3 4 |  4.1
Dodging        | |  2.0
Stealth        | |  2.6
Spellcasting   | |  2.0

Action                     |  1- 3 |  4- 6 || total
---------------------------+-------+-------++-------
  Melee: Dagger            |     6 |       ||     6
         Constrict         |    11 |    15 ||    26
         Tentacles         |     9 |    15 ||    24
         Unarmed           |     1 |       ||     1
         Spear             |    31 |    87 ||   118
   Fire: Sling             |     1 |     1 ||     2
   Cast: Summon Small Mamm |    31 |    12 ||    43
         Call Canine Famil |     3 |     8 ||    11
  Evoke: Wand              |       |     2 ||     2
    Use: Scroll            |     5 |     3 ||     8
         Potion            |       |     1 ||     1
   Stab: Sleeping          |     4 |     7 ||    11
         Invisible         |       |     1 ||     1
 Armour: Skin              |     6 |    40 ||    46
  Dodge: Dodged            |    23 |    46 ||    69
  Block: Buckler           |       |     4 ||     4
